 Dungeon Crawl Stone Soup version 0.29-a0-218-gf2abdc9806 (webtiles) character file.

Game seed: 13151867722048910075

81 Cyric the Digger (level 4, -8/30 HPs)
             Began as a Barachi Earth Elementalist on Feb 25, 2022.
             Was a Follower of Makhleb.
             Blown up by Ijyb (11 damage)
             ... with a mindburst bolt
             ... on level 3 of the Dungeon.
             The game lasted 00:16:30 (2201 turns).

Cyric the Digger (Barachi Earth Elementalist)       Turns: 2201, Time: 00:16:30

Health: -8/30      AC:  3    Str: 10    XL:     4   Next: 40%
Magic:  1/8        EV: 12    Int: 17    God:    Makhleb [*.....]
Gold:   42         SH:  0    Dex: 12    Spells: 2/8 levels left

rFire   . . .      SeeInvis .   d - +0 spear
rCold   . . .      Faith    .   (no shield)
rNeg    . . .      Spirit   .   b - +0 robe
rPois   .          Reflect  .   (no helmet)
rElec   .          Harm     .   g - +0 cloak
rCorr   .          Rampage  .   (no gloves)
Will    .....                   (no boots)
Stlth   ++........              (no amulet)
HPRegen 0.10/turn               (no ring)
MPRegen 0.11/turn               (no ring)

@: unable to hop, slow
A: amphibious, slowness 1, strong legs 1, +LOS
a: Hop, Renounce Religion


You were on level 3 of the Dungeon.
You worshipped Makhleb.
Makhleb was aware of your devotion.
You visited 1 branch of the dungeon, and saw 3 of its levels.

You collected 42 gold pieces.

Inventory:

Hand Weapons
 d - a +0 spear (weapon)
 e - a +0 dagger of protection
Missiles
 a - 16 stones
Armour
 b - a +0 robe (worn)
 g - a +0 cloak (worn)
 h - an orb of energy
Scrolls
 j - a scroll of identify {unknown}
 l - a scroll of fog {unknown}
Potions
 c - a potion of curing
 f - a potion of brilliance {unknown}
 i - a potion of experience {unknown}
 k - a potion of cancellation {unknown}


   Skills:
 - Level 2.1 Dodging
 - Level 1.7 Stealth
 + Level 2.7 Spellcasting
 * Level 1.1 Conjurations
 + Level 2.0 Transmutations
 * Level 3.9 Earth Magic
 * Level 1.1 Invocations


You had 2 spell levels left.
You knew the following spells:

 Your Spells              Type           Power      Damage    Failure   Level
a - Sandblast             Erth           30%        2d9       3%          1
b - Passwall              Tmut/Erth      10%        N/A       8%          2
c - Stone Arrow           Conj/Erth      22%        3d8       19%         3

Your spell library contained the following spells:

 Spells                   Type           Power      Damage    Failure   Level
 Sting                    Tmut/Pois      20%        1d4       12%         1
 Poisonous Vapours        Pois/Air       4%         N/A       26%         2
 Scorch                   Fire           4%         2d5       26%         2
 Petrify                  Tmut/Erth      12%        N/A       45%         4
 Flame Wave               Conj/Fire      4%         2d5       80%         4
 Olgreb's Toxic Radiance  Pois           2%         N/A       87%         4
 Summon Cactus Giant      Summ           1%         N/A       100%        6


Dungeon Overview and Level Annotations

Branches:
Dungeon (3/15)

Altars:
Makhleb

Annotations:
D:2 exclusions: orc, 2 orc wizards and quokka
D:3 Ijyb


Innate Abilities, Weirdness & Mutations

You are amphibious.
You cover ground slowly.
You can hop short distances.
You have an extended range of vision and can be seen from far away.


Message History

The blast of sand hits Ijyb!
Ijyb is heavily wounded.
Ijyb zaps a wand.
Your mind is blasted!
Okay, then.
It was a potion of curing.
You feel better. Ijyb closely misses you.
Press: ? - help, v - describe, . - travel The floor.
Okay, then.
Casting: Sandblast (safe; 3% risk of failure)
Confirm with . or Enter, or press ? or * to list all spells.
The spell is quite dangerous to miscast (19% risk of failure)!
Continue anyway?
Uppercase [Y]es or [N]o only, please.
The spell is quite dangerous to miscast (19% risk of failure)!
Continue anyway?
Aiming: Stone Arrow (quite dangerous; 19% risk of failure)
Press: ? - help, Shift-Dir - straight line, f/p - Ijyb
Aim: Ijyb, wielding a +5 club, wearing a +1 scale mail of willpower and carrying a wand of mindburst (4) (heavily wounded, 64% to hit)
The stone arrow hits Ijyb.
Ijyb is severely wounded.
Ijyb hits you with a +5 club!
Aiming: Sandblast (safe; 3% risk of failure)
Press: ? - help, Q - select action, (/) - cycle Shift-Dir - straight line, f/p - Ijyb
Aim: Ijyb, wielding a +5 club, wearing a +1 scale mail of willpower and carrying a wand of mindburst (4) (severely wounded, 77% to hit)
The blast of sand hits Ijyb.
Ijyb is almost dead.
Ijyb zaps a wand.
Your mind is blasted!
* * * LOW HITPOINT WARNING * * *
Aiming: Sandblast (safe; 3% risk of failure)
Press: ? - help, Q - select action, (/) - cycle Shift-Dir - straight line, f/p - Ijyb
Aim: Ijyb, wielding a +5 club, wearing a +1 scale mail of willpower and carrying a wand of mindburst (3) (almost dead, 77% to hit)
The blast of sand hits Ijyb but does no damage.
Ijyb is almost dead.
Ijyb hits you with a +5 club.
* * * LOW HITPOINT WARNING * * *
You don't have enough magic to cast this spell.
Hop to where?
Press: ? - help, Dir - move target, p - Ijyb Boing!
Ijyb screams, "Me kill you!"
Ijyb zaps a wand.
Your mind is blasted!
You die...

##. #. # #...# ##..
.#.........# #....
..#.##.#...# #....
##.........# #....#
.......#...# #.....
........†..#
#....#########.........#
###...g.......###.#...+
#...........@...###.#...#
#.####.....##.......#...#
#.....##.#.#####...#####
#.....##.#...###........
#.....##.###............
#.....##.# #############
..........# ##########
........<#.. ..........
#........#.# ##########


You could see Ijyb.

Vanquished Creatures
  5 adders
  A dart slug (D:1)
  2 ball pythons
  5 endoplasms
  4 giant cockroaches
  2 goblins
  2 hobgoblins (D:1)
  4 quokkas
  4 frilled lizards
  A kobold (D:1)
  5 rats
35 creatures vanquished.

Notes
Turn   | Place    | Note
-------+----------+-------------------------------------------
     0 | D:1      | Cyric the Barachi Earth Elementalist began the quest for
                  | the Orb.
     0 | D:1      | Reached XP level 1. HP: 13/13 MP: 3/3
   289 | D:1      | Reached XP level 2. HP: 19/19 MP: 3/5
   342 | D:1      | Learned a level 2 spell: Passwall
   930 | D:2      | Found a faded altar of an unknown god.
   933 | D:2      | Prayed at the altar of an unknown god.
   933 | D:2      | Became a worshipper of Makhleb the Destroyer
   933 | D:2      | Reached * piety under Makhleb
  1019 | D:2      | Reached XP level 3. HP: 24/24 MP: 2/6
  1076 | D:2      | Learned a level 3 spell: Stone Arrow
  1590 | D:2      | Reached skill level 1 in Invocations
  1590 | D:2      | Reached XP level 4. HP: 27/30 MP: 5/8
  1702 | D:2      | Reached skill level 1 in Conjurations
  2190 | D:3      | Noticed Ijyb
  2201 | D:3      | Blown up by Ijyb

Illustrated notes

Levels and vault maps discovered:
D:1:      evilmike_arrival_fibonacci_small, layout_basic
D:2:      layout_loops_cross, nicolae_ecumenical_oubliette
D:3:      layout_basic, uniq_ijyb

Skill      XL: |  1  2  3  4 |
---------------+-------------+-----
Transmutations | 2 |  2.0
Invocations    | 1 |  1.1
Conjurations   | 1 |  1.1
Dodging        | |  2.1
Stealth        | |  1.7
Spellcasting   | |  2.7
Earth Magic    | |  3.9

Action                   |  1- 3 |  4- 6 || total
-------------------------+-------+-------++-------
Melee: Spear             |    68 |    23 ||    91
       Unarmed           |     1 |       ||     1
 Cast: Sandblast         |    25 |     7 ||    32
       Stone Arrow       |       |     1 ||     1
 Abil: Hop               |     3 |     1 ||     4
  Use: Potion            |       |     1 ||     1
 Stab: Sleeping          |     2 |     1 ||     3
Armor: Robe              |    12 |     1 ||    13
Dodge: Dodged            |    50 |    11 ||    61

Table legend: (Time is in decaauts)
 A = Elapsed time spent in this place.
 B = Non-inter-level travel time spent in this place.
 C = Inter-level travel time spent in this place.
 D = Time resting spent in this place.
 E = Time spent auto-exploring this place.
 F = Levels seen in this place.
 G = Mean time per level.
                   A        B        C        D        E       F      G
               +--------+--------+--------+--------+--------+-----+--------+
         Total |   2494 |   2276 |    218 |    567 |    667 |   3 |  831.3 |
       Dungeon |   2494 |   2276 |    218 |    567 |    667 |   3 |  831.3 |
               +--------+--------+--------+--------+--------+-----+--------+

Top non-repeatable levels by time:
     D:2: 1414 daAuts
     D:1: 1009 daAuts
     D:3: 70 daAuts
